 Dungeon Crawl Stone Soup version 0.31.0-32-g396128a36d (webtiles) character file.

Game seed: 5274130721280074803

75 spaghetti the Magician (level 4, -2/36 HPs)
             Began as a Naga Air Elementalist on Mar 13, 2024.
             Slain by a gnoll
             ... wielding a +0 halberd
              (9 damage)
             ... on level 2 of the Dungeon.
             The game lasted 00:02:22 (1577 turns).

spaghetti the Magician (Naga Air Elementalist)      Turns: 1577, Time: 00:02:22

Health: -2/36      AC:  2    Str:  9 (10) XL:     4   Next: 31%
Magic:  6/10       EV:  9    Int: 14 (17) God:
Gold:   97         SH:  0    Dex: 10 (12) Spells: 8/11 levels left

rFire   . . .        (no weapon)
rCold   + . .        (no shield)
rNeg    . . .        a - +0 robe
rPois   +            (no helmet)
rElec   .            (no cloak)
rCorr   .            (no gloves)
SInv    +            (no barding)
Will    +....        e - amulet of magic regeneration
Stlth   ++           g - ring of protection from cold
HPRegen 0.26/turn    d - ring of willpower
MPRegen 0.52/turn

%: no passive effects
@: brilliant, very slightly contaminated, very slow
A: AC +1, large, see invisible, deformed body, poison resistance, slowness 2,
spit poison 1, naga tail 1
a: Spit Poison


You were on level 2 of the Dungeon.
You visited 1 branch of the dungeon, and saw 2 of its levels.

You collected 97 gold pieces.

Inventory:

Armour
 a - a +0 robe (worn)
Jewellery
 d - a ring of willpower (right hand)
 e - an amulet of magic regeneration (around neck)
 g - a ring of protection from cold (left hand)
Scrolls
 h - a scroll of identify {unknown}
 i - a scroll of enchant weapon
Potions
 b - a potion of magic
 j - a potion of cancellation


   Skills:
 - Level 1.5 Dodging
 - Level 3.0 Stealth
 + Level 4.1 Spellcasting
 - Level 1.0 Conjurations
 - Level 3.0 Air Magic


You had 8 spell levels left.
You knew the following spells:

 Your Spells              Type           Power      Damage    Failure   Level
a - Shock                 Conj/Air       48%        1d6       9%          1
b - Static Discharge      Conj/Air       24%        3-4/arc   13%         2

Your spell library contained the following spells:

 Spells                   Type           Power      Damage    Failure   Level
 Swiftness                Air            16%        N/A       17%         3
 Airstrike                Air            8%         2d(2-18)  50%         4


Dungeon Overview and Level Annotations

Branches:
Dungeon (2/15)

Altars:


Innate Abilities, Weirdness & Mutations

Your serpentine skin is tough. (AC +1)
You have supernaturally acute eyesight. (SInv)
Armour fits poorly on your strangely shaped body.
Your system is resistant to poisons. (rPois)
You cover ground very slowly.
You can spit poison.
You have a snake-like lower body.


Message History

The gnoll shouts!
You feel a surge of power!
The zap hits the gnoll.
The gnoll is lightly wounded.
The gnoll shouts!
A gnoll comes into view. It is wielding a +0 club.
You feel a surge of power!
You miscast Shock.
You are very lightly contaminated with residual magic.
Nothing appears to happen.
You feel a surge of power!
The zap hits the gnoll.
The gnoll is heavily wounded.
The zap misses the gnoll.
You feel a surge of power!
The zap hits the gnoll.
The gnoll is heavily wounded.
The zap misses the gnoll.
You feel a surge of power!
You miscast Shock.
Nothing appears to happen.
You feel a surge of power!
The zap misses the gnoll. x2
The zap hits the gnoll.
The gnoll is moderately wounded.
You feel a surge of power!
The zap hits the gnoll.
The gnoll is severely wounded.
The zap hits the gnoll.
The gnoll is heavily wounded.
The zap hits the gnoll.
The gnoll is moderately wounded.
You feel a surge of power!
The zap misses the gnoll.
The zap hits the gnoll.
The gnoll is severely wounded.
The zap hits the gnoll.
The gnoll is heavily wounded.
You feel a surge of power!
The zap hits the gnoll.
The gnoll is severely wounded.
The gnoll misses you.
The gnoll hits you from afar with a +0 halberd.
The gnoll hits you with a +0 flail!
The gnoll hits you from afar with a +0 halberd!
The gnoll attacks as it pursues you!
The gnoll hits you from afar with a +0 halberd.
* * * LOW HITPOINT WARNING * * *
The gnoll attacks as it pursues you!
The gnoll hits you from afar with a +0 halberd!
You die...

##+# ##...## ##.....##
### # ##.......##
##.#.#####
###.........####.g.......
..
+.........'..@gg...###. #
#.........####.g...#
#.......## #.....#
##.....## #.###.# ##...##
#.# .# ##'## #.. .. #.#
### ## #.# ##(##


You could see 4 gnolls.

Vanquished Creatures
  2 adders (D:2)
  4 dart slugs
  2 bats
  4 endoplasms
  2 giant cockroaches
  7 goblins
  4 hobgoblins
  7 jackals
  2 quokkas (D:1)
  2 ball pythons (D:1)
  A frilled lizard (D:1)
  2 kobolds (D:1)
  3 rats (D:2)
42 creatures vanquished.

Notes
Turn   | Place    | Note
-------+----------+-------------------------------------------
     0 | D:1      | spaghetti the Naga Air Elementalist began the quest for the
                  | Orb.
     0 | D:1      | Reached XP level 1. HP: 15/15 MP: 3/3
    62 | D:1      | Reached XP level 2. HP: 8/22 MP: 0/5
   164 | D:1      | Learned a level 2 spell: Static Discharge
   387 | D:1      | Reached skill level 3 in Spellcasting
   538 | D:1      | Reached XP level 3. HP: 28/28 MP: 2/7
  1357 | D:2      | Reached skill level 4 in Spellcasting
  1357 | D:2      | Reached XP level 4. HP: 26/36 MP: 3/10
  1577 | D:2      | Slain by a gnoll

Illustrated notes

Levels and vault maps discovered:
D:1:      dpeg_arrival_castle, layout_basic, solitary_fountain,
          amcnicky_mini_pool_small
D:2:      layout_loops_corners

Skill      XL: |  1  2  3 |
---------------+----------+-----
Spellcasting   | 3 4 |  4.1
Dodging        | |  1.5
Stealth        | |  3.0
Conjurations   | |  1.0
Air Magic      | |  3.0

Action                     |  1- 3 |  4- 6 || total
---------------------------+-------+-------++-------
  Melee: Unarmed           |    13 |       ||    13
   Cast: Shock             |    76 |    20 ||    96
Ability: Spit Poison       |     8 |       ||     8
    Use: Potion            |     2 |     3 ||     5
         Scroll            |     2 |       ||     2
 Armour: Robe              |    25 |     5 ||    30
  Dodge: Dodged            |    21 |     2 ||    23
